Map: Dusk Towers

Players

Honor - Winner!

  • Race: Zerg Zerg
  • League: Master

A.I. 1 (Elite)

  • Race: Terran Terran

VOD

https://www.youtube.com/watch?v=0pJEQi_jl9w

Description

Time

  • Played on: Dec. 7, 2015, 10:37 a.m.
  • Length: 5:55
Show
View Real Time Build Order
Export as new Build Order

Honor Zerg - Winner!

Build Orders: Hatch First 

Get SALT Encoding   

  12  0:01  Drone  
  13  0:12  Overlord  
  13  0:17  Drone  
  14  0:30  Drone x2  
  14  0:35  Drone  
  17  0:55  Drone, Hatchery  
  17  1:00  Drone  
  18  1:06  Extractor  
  17  1:14  Spawning Pool  
  16  2:01  Queen  
  18  2:09  Metabolic Boost  
  18  2:10  Queen  
  18  2:12  Zergling x8  
  24  2:20  Overlord  
  24  2:25  Zergling x2  
  25  2:34  Zergling x2  
  26  2:42  Zergling x4  
  28  2:45  Zergling x2  
  29  2:53  Zergling x2  
  29  2:56  Zergling x2  
  31  3:02  Zergling x2  
  32  3:07  Overlord  
  32  3:13  Zergling x8  
  37  3:27  Zergling x8  
  40  3:35  Overlord  
  40  3:37  Zergling x2  
  40  3:40  Zergling x2  
  42  3:44  Zergling x4  
  43  3:53  Zergling x10  
  45  3:56  Overlord  
  45  4:01  Zergling x2  
  43  4:15  Zergling x10  
  47  4:23  Zergling x6  
  47  4:24  Zergling x2  
  51  4:31  Zergling x2  
  51  4:35  Zergling x2  
Show
View Real Time Build Order
Export as new Build Order

A.I. 1 (Elite) Terran 

Build Orders:  

Get SALT Encoding   

  12  0:00  SCV  
  13  0:13  SCV  
  14  0:19  Supply Depot  
  14  0:25  SCV  
  15  0:40  SCV  
  16  0:43  Barracks  
  16  0:52  SCV  
  17  1:04  SCV  
  18  1:17  SCV, Supply Depot  
  19  1:21  Refinery  
  19  1:29  SCV  
  19  1:30  Marine  
  21  1:41  SCV  
  22  1:48  Marine  
  22  1:49  Barracks  
  22  1:53  SCV  
  24  1:55  Refinery  
  24  2:03  Supply Depot  
  24  2:05  SCV  
  24  2:06  Marine  
  26  2:17  SCV  
  27  2:24  Marine  
  27  2:25  Factory  
  27  2:29  SCV  
  29  2:36  Marine  
  30  2:42  Marine, Orbital Command  
  31  2:55  Barracks Tech Lab  
  31  3:00  Barracks Tech Lab  
  31  3:08  Supply Depot  
  31  3:09  SCV  
  32  3:13  Marine  
  32  3:14  Starport  
  32  3:19  Marine  
  33  3:31  Marine  
  34  3:37  Marine  
  35  3:43  Supply Depot  
  34  3:49  Marine  
  34  3:50  Hellion  
  34  3:52  Medivac  
  34  3:54  Marine  
  28  4:06  SCV, Marine  
  23  4:12  Marine  
  17  4:18  SCV  
Tags
 
Add a new tag
Caveats
  • Supply blocks, unpowered buildings, or Contaminate may cause inaccurate times.
  • Supply counts are checked every 10 seconds.